[Event "Team 45 45 League T98"]
[Site "Internet Chess Club"]
[Date "2023.12.03"]
[Round "3"]
[White "BrerRabbit"]
[Black "tightfist"]
[Result "0-1"]
[WhiteElo "1339"]
[BlackElo "1400"]
[Opening "Queen's pawn"]
[ECO "A40"]
[Time "19:02:48"]
[PlyCount "128"]
[TimeControl "2700+45"]

1. d4 e6 2. Nf3 d5 3. g3 c5 4. Bg2 Nc6 5. O-O Qb6 6. dxc5 Bxc5 7. b3 Nf6 8. Bb2
Be7 9. Nd4 O-O 10. Nxc6 bxc6 11. Ba3 c5 12. c4 Bb7 13. Nc3 d4 14. Na4 Qc7 15.
Bxb7 Qxb7 16. Bxc5 e5 17. Bxe7 Qxe7 18. f3 Rfd8 19. Nb2 Rac8 20. Nd3 e4 21. Nf4
exf3 22. exf3 g5 23. Re1 Qb4 24. Nd3 Qa3 25. Qc1 Qxc1 26. Raxc1 h6 27. Re7 a6
28. Ra7 Rd6 29. Re1 Kf8 30. Ree7 Re6 31. Rxe6 fxe6 32. Rxa6 Kf7 33. Kf2 Rd8 34.
Ne5+ Kg7 35. Nd3 Kf7 36. b4 Rc8 37. c5 Nd5 38. a3 Kf6 39. Ra7 h5 40. a4 Nxb4 41.
Nxb4 Rxc5 42. Nd3 Rc3 43. Nb4 Rb3 44. Nc6 Rb2+ 45. Ke1 Rxh2 46. Nxd4 Rg2 47. Ra6
Ke5 48. Ne2 Rh2 49. Rb6 h4 50. a5 h3 51. Rb5+ Kf6 52. Kf1 Rg2 53. a6 Rh2 54. a7
Rh1+ 55. Ng1 h2 56. a8=Q hxg1=Q+ 57. Ke2 Qd1+ 58. Kf2 Qf1+ 59. Ke3 Qc1+ 60. Ke4
Re1+ 61. Kd4 Rd1+ 62. Ke4 Qc2+ 63. Ke3 Qd3+ 64. Kf2 Qd2# {White checkmated} 0-1

[Event "Team 45 45 League T98"]
[Site "Internet Chess Club"]
[Date "2023.11.29"]
[Round "3"]
[White "kabubi"]
[Black "Ostap-Bender"]
[Result "0-1"]
[WhiteElo "1133"]
[BlackElo "1232"]
[Opening "Sicilian defense"]
[ECO "B20"]
[Time "10:00:26"]
[PlyCount "78"]
[TimeControl "2700+45"]

1. e4 c5 2. d3 Nc6 3. c3 e6 4. g3 d5 5. Nd2 Nf6 6. Bg2 Be7 7. Ngf3 O-O 8. O-O b6
9. Qe2 Qc7 10. Re1 Bb7 11. h3 h6 12. Nh2 Rad8 13. f4 Rfe8 14. Ndf1 dxe4 15. dxe4
e5 16. f5 Qd7 17. Ne3 Qd3 18. Bf1 Qxe2 19. Bxe2 Nxe4 20. g4 Nf6 21. Nf3 e4 22.
Nh4 Ne5 23. Neg2 Nd3 24. Rf1 Nxc1 25. Raxc1 Rd2 26. Bc4 Red8 27. Ne3 Rxb2 28.
Ng6 Kh7 29. Nxe7 Rd7 30. Bxf7 Rxe7 31. Bg6+ Kg8 32. Rcd1 Rd7 33. Rxd7 Nxd7 34.
h4 Rd2 35. g5 Ne5 36. f6 Nf3+ 37. Rxf3 exf3 38. gxh6 gxf6 39. Ng4 Rg2+ {White
resigns} 0-1

[Event "Team 45 45 League T98"]
[Site "Internet Chess Club"]
[Date "2023.12.02"]
[Round "3"]
[White "stantheman59"]
[Black "WzeroMN"]
[Result "1-0"]
[WhiteElo "1145"]
[BlackElo "943"]
[Opening "Philidor's defense"]
[ECO "C41"]
[Time "14:31:02"]
[PlyCount "21"]
[TimeControl "2700+45"]

1. e4 e5 2. Nf3 d6 3. Nc3 Nf6 4. Bc4 Be7 5. O-O O-O 6. d3 c5 7. h3 b6 8. Nd5
Nbd7 9. Bg5 Nxd5 10. Bxd5 Bxg5 11. Bxa8 {Black resigns} 1-0

[Event "Team 45 45 League T98"]
[Site "Internet Chess Club"]
[Date "2023.12.03"]
[Round "3"]
[White "Kingofknights"]
[Black "clarinetref"]
[Result "1-0"]
[WhiteElo "1523"]
[BlackElo "1517"]
[Opening "Nimzo-Indian: 4.e3"]
[ECO "E40"]
[Time "18:33:37"]
[PlyCount "77"]
[TimeControl "2700+45"]

1. d4 Nf6 2. c4 e6 3. Nc3 Bb4 4. e3 d6 5. Bd3 Qe7 6. Ne2 Nbd7 7. a3 Bxc3+ 8.
Nxc3 O-O 9. O-O a6 10. e4 e5 11. d5 c5 12. Be3 h6 13. f3 Re8 14. Ne2 Nf8 15. Bc2
b5 16. cxb5 axb5 17. b4 c4 18. Nc3 Bd7 19. a4 Reb8 20. axb5 Rxa1 21. Qxa1 Bxb5
22. Qa5 Qd7 23. Rb1 Ng6 24. g3 Nh7 25. Nxb5 Qxb5 26. Qxb5 Rxb5 27. Ba4 Rb8 28.
b5 Ng5 29. Kf2 Nh3+ 30. Ke2 Ne7 31. b6 Nc8 32. Bd7 Ng5 33. Bxc8 c3 34. b7 c2 35.
Rc1 f5 36. exf5 e4 37. Bxg5 exf3+ 38. Kxf3 hxg5 39. Rxc2 {Black resigns} 1-0

[Event "Team 45 45 League T98"]
[Site "Internet Chess Club"]
[Date "2023.12.06"]
[Round "3"]
[White "herrahuu"]
[Black "Constrictor"]
[Result "1-0"]
[WhiteElo "1433"]
[BlackElo "1435"]
[Opening "Caro-Kann defense"]
[ECO "B11"]
[Time "11:00:25"]
[PlyCount "107"]
[TimeControl "2700+45"]

1. e4 c6 2. Nc3 d5 3. Qe2 d4 4. Nd1 e5 5. d3 Nf6 6. g3 Bg4 7. Nf3 Qc7 8. h3 Be6
9. Ng5 Nbd7 10. Nxe6 fxe6 11. Bg2 Bb4+ 12. Bd2 Bxd2+ 13. Qxd2 O-O-O 14. O-O h6
15. b4 Kb8 16. a4 Rc8 17. Nb2 b5 18. c4 a6 19. axb5 axb5 20. c5 Kb7 21. Ra5 Ra8
22. Rfa1 Rxa5 23. Rxa5 Ra8 24. Rxa8 Kxa8 25. f4 exf4 26. gxf4 e5 27. f5 Qa7 28.
Bf3 Qa3 29. Nd1 Nb8 30. Nf2 Na6 31. Ng4 Nxg4 32. Bxg4 Nxb4 33. f6 gxf6 34. Qxh6
Qxd3 35. Qf8+ Ka7 36. Qe7+ Kb8 37. Qd8+ Ka7 38. Qa5+ Na6 39. Qb6+ Ka8 40. Qxa6+
Kb8 41. Qb6+ Ka8 42. Qxc6+ Kb8 43. Qc8+ Ka7 44. Qf5 Qg3+ 45. Kf1 Qd3+ 46. Be2
Qe3 47. Qd7+ Ka8 48. Qc6+ Ka7 49. Qb6+ Ka8 50. Qxb5 Qc1+ 51. Kg2 Qg5+ 52. Bg4
Qe3 53. c6 d3 54. Qb7# {Black checkmated} 1-0

[Event "Team 45 45 League T98"]
[Site "Internet Chess Club"]
[Date "2023.12.01"]
[Round "3"]
[White "thundercat1"]
[Black "Toalla"]
[Result "1/2-1/2"]
[WhiteElo "960"]
[BlackElo "1107"]
[Opening "Queen's pawn game, Darooha variation "]
[ECO "D02"]
[Time "15:44:59"]
[PlyCount "116"]
[TimeControl "2700+45"]

1. d4 Nf6 2. Nf3 d5 3. Ne5 h6 4. e3 Bf5 5. Nc3 e6 6. a3 Nbd7 7. Bb5 a6 8. Bxd7+
Nxd7 9. Nxf7 Kxf7 10. O-O Nf6 11. Ne2 c5 12. c3 b5 13. b4 cxd4 14. Nxd4 Bg6 15.
Nf3 Bd6 16. Qd4 Ne4 17. Ne5+ Bxe5 18. Qxe5 Rc8 19. Bb2 Qf6 20. f4 Qxe5 21. fxe5+
Ke7 22. Rac1 Nd2 23. Rf4 Nc4 24. Ba1 Nxe3 25. Rf3 Nc4 26. Rg3 Nxe5 27. c4 Nd3
28. Rf1 Rhf8 29. Rxg6 Rxf1+ 30. Kxf1 Rf8+ 31. Kg1 Rf7 32. Bxg7 dxc4 33. Bxh6 c3
34. Rg3 Nb2 35. Bg5+ Kd7 36. Rxc3 Nc4 37. Rd3+ Kc6 38. h4 Rd7 39. Rc3 Rd1+ 40.
Kh2 Ra1 41. Bc1 e5 42. h5 Kd7 43. h6 Nd6 44. h7 Nf7 45. Rd3+ Ke8 46. Bb2 Re1 47.
Rf3 Nh8 48. Rf5 Ng6 49. Rf6 Nh8 50. Re6+ Kf7 51. Rxa6 Kg7 52. Ra7+ Kf6 53. Rb7
Re2 54. Rb6+ Kg7 55. Rb7+ Kf6 56. Bc3 Re3 57. Rb8 Kg7 58. Rb7+ Kf6 {Game drawn
by mutual agreement} 1/2-1/2

[Event "Team 45 45 League T98"]
[Site "Internet Chess Club"]
[Date "2023.12.04"]
[Round "3"]
[White "BlueStorm"]
[Black "chesskix"]
[Result "1/2-1/2"]
[WhiteElo "1576"]
[BlackElo "1346"]
[Opening "Queen's pawn game"]
[ECO "D04"]
[Time "18:01:23"]
[PlyCount "90"]
[TimeControl "2700+45"]

1. d4 d5 2. Nf3 Nf6 3. e3 Bg4 4. Be2 h6 5. Nbd2 e6 6. Ne5 Bxe2 7. Qxe2 Nbd7 8.
O-O Nxe5 9. dxe5 Nd7 10. f4 Bc5 11. a3 a6 12. b4 Ba7 13. Bb2 b5 14. Bd4 c5 15.
bxc5 Nxc5 16. Bxc5 Bxc5 17. Nb3 Bb6 18. Nd4 Bxd4 19. exd4 Rc8 20. Rac1 Rc4 21.
c3 Qa5 22. Qb2 O-O 23. g4 f5 24. exf6 Rxf6 25. Kg2 Qc7 26. Qd2 Qf7 27. Qe3 Qg6
28. h3 Qe4+ 29. Qxe4 dxe4 30. Kg3 g5 31. h4 e3 32. hxg5 hxg5 33. f5 exf5 34.
Rxf5 Rxf5 35. gxf5 Kg7 36. Kf3 Kf6 37. Kxe3 Kxf5 38. Kf3 g4+ 39. Kg3 Kg5 40. Rc2
Rc8 41. d5 Rf8 42. Kg2 Rf3 43. c4 bxc4 44. Rxc4 Rd3 45. Ra4 Rxd5 {Game drawn by
mutual agreement} 1/2-1/2

[Event "Team 45 45 League T98"]
[Site "Internet Chess Club"]
[Date "2023.12.03"]
[Round "3"]
[White "sdcohle"]
[Black "CMAlge"]
[Result "1-0"]
[WhiteElo "1436"]
[BlackElo "1328"]
[Opening "Caro-Kann defense"]
[ECO "B10"]
[Time "12:00:59"]
[PlyCount "71"]
[TimeControl "2700+45"]

1. e4 c6 2. Nf3 d5 3. exd5 cxd5 4. Ne5 Nc6 5. Bb5 Bd7 6. Nxd7 Qxd7 7. Be2 Nf6 8.
d4 e6 9. O-O g6 10. c3 Bg7 11. Re1 O-O 12. Bd3 Rae8 13. h3 Re7 14. Bf4 Nh5 15.
Bh2 e5 16. dxe5 Nxe5 17. Bxe5 Bxe5 18. Nd2 Nf4 19. Nf3 Bf6 20. Qd2 Nh5 21. Re2
Qd6 22. Rae1 Rfe8 23. Rxe7 Rxe7 24. Rxe7 Qxe7 25. g4 Ng7 26. g5 Be5 27. Qe3 Bd6
28. Qxa7 Nh5 29. Qe3 Qc7 30. Bf1 Nf4 31. Qe8+ Kg7 32. Qe3 Nh5 33. Qd4+ Kg8 34.
Qe3 Ng3 35. fxg3 Bc5 36. Nd4 {Black resigns} 1-0

[Event "Team 45 45 League T98"]
[Site "Internet Chess Club"]
[Date "2023.12.05"]
[Round "3"]
[White "Fulmar"]
[Black "Denis240964"]
[Result "1-0"]
[WhiteElo "1234"]
[BlackElo "1292"]
[Opening "Queen's pawn game"]
[ECO "D05"]
[Time "13:00:38"]
[PlyCount "57"]
[TimeControl "2700+45"]

1. d4 d5 2. Nf3 Nf6 3. e3 e6 4. Bd3 Be7 5. b3 O-O 6. Bb2 b6 7. Nbd2 c5 8. O-O
Bb7 9. Ne5 Nbd7 10. f4 Nxe5 11. fxe5 Nd7 12. Rf3 Rc8 13. Rh3 f5 14. exf6 Nxf6
15. dxc5 bxc5 16. Bxf6 Bxf6 17. Bxh7+ Kf7 18. Qh5+ Ke7 19. Rd1 Qd6 20. Ne4 Qa6
21. Nxf6 Rxf6 22. a4 d4 23. Bd3 Qc6 24. Rg3 Rf7 25. Qh7 Rcf8 26. Rxg7 dxe3 27.
Bb5 e2 28. Qh4+ Ke8 29. Qd8# {Black checkmated} 1-0

[Event "Team 45 45 League T98"]
[Site "Internet Chess Club"]
[Date "2023.12.02"]
[Round "3"]
[White "tamky70"]
[Black "Reykjaviking"]
[Result "0-1"]
[WhiteElo "1353"]
[BlackElo "1356"]
[Opening "Réti v Dutch"]
[ECO "A04"]
[Time "13:00:21"]
[PlyCount "123"]
[TimeControl "2700+45"]

1. Nf3 f5 2. d4 Nf6 3. c3 e6 4. Nbd2 Be7 5. Nc4 b5 6. Nce5 O-O 7. Qb3 d6 8. Nd3
Qe8 9. e3 a6 10. Nf4 d5 11. Qd1 Ne4 12. Nd2 Bh4 13. Nxe4 fxe4 14. Qh5 Qxh5 15.
Nxh5 Bxf2+ 16. Ke2 e5 17. h3 exd4 18. cxd4 Bh4 19. Nf4 c6 20. Bd2 a5 21. Be1 Be7
22. g4 g5 23. Nh5 Ra7 24. Bg2 Be6 25. Bg3 Nd7 26. Rhf1 c5 27. Rxf8+ Nxf8 28. Rf1
cxd4 29. exd4 Ng6 30. Rc1 Bf7 31. Ke3 Nh4 32. Bh1 Bxh5 33. gxh5 Nf5+ 34. Kf2
Nxd4 35. Rc7 Rxc7 36. Bxc7 a4 37. Bg2 Ne6 38. Bb6 Nf4 39. Bf1 b4 40. Kg3 Nxh5+
41. Kg4 Nf4 42. h4 h5+ 43. Kg3 Ng6 44. hxg5 Bxg5 45. b3 axb3 46. axb3 Bf4+ 47.
Kh3 Kf7 48. Be2 Bd2 49. Bxh5 Kf6 50. Bd8+ Kf5 51. Bg4+ Ke5 52. Bb6 Nf4+ 53. Kh4
Ng2+ 54. Kg3 Ne3 55. Bc7+ Kd4 56. Be2 Nf5+ 57. Kf2 e3+ 58. Kf3 Kc3 59. Bd1 Nd4+
60. Kf4 e2+ 61. Ke5 exd1=Q 62. Kxd5 {White resigns} 0-1